 Dungeon Crawl Stone Soup version 0.26-a0-52-gd53d4cd058 (webtiles) character file.

Game seed: 8448454619099150993

53 ICC the Magician (level 3, 0/19 HPs)
             Began as a Vine Stalker Fighter on June 5, 2020.
             Slain by a gnoll
             ... wielding a +1 spear of flaming
              (1 damage)
             ... on level 2 of the Dungeon.
             The game lasted 00:03:17 (1148 turns).

ICC the Magician (Vine Stalker Fighter)             Turns: 1148, Time: 00:03:17

Health: 0/19       AC:  6    Str: 19    XL:     3   Next: 87%
Magic:  0/8        EV:  9    Int:  8    God:
Gold:   107        SH:  0    Dex: 13    Spells: 8/8 levels left

rFire    . . .     SeeInvis .   a - +0 long sword
rCold    . . .     Gourm    .   (no shield)
rNeg     . . .     Faith    .   b - +0 scale mail
rPois    .         Spirit   +   (no helmet)
rElec    .         Reflect  .   (no cloak)
rCorr    .         Harm     .   (no gloves)
MR       .....                  (no boots)
Stlth    ..........             (no amulet)
HPRegen  0.06/turn              o - ring of attention (curse)
MPRegen  0.11/turn              (no ring)

@: no status effects
A: fangs 2, magic shield, antimagic bite, no potion heal 3, rot immunity
a: no special abilities


You were on level 2 of the Dungeon.
You were not hungry.

You visited 1 branch of the dungeon, and saw 2 of its levels.

You collected 107 gold pieces.

Inventory:

Hand Weapons
 a - a +0 long sword (weapon)
Missiles
 j - 5 javelins (quivered)
Armour
 b - a +0 scale mail (worn)
Jewellery
 o - a cursed ring of attention (left hand)
Scrolls
 c - 2 scrolls of noise {unknown}
 e - 2 scrolls of identify {unknown}
 g - a scroll of fear {unknown}
 l - a scroll of random uselessness {unknown}
Potions
 d - a potion of might
 h - a potion of haste {unknown}
 i - a potion of cancellation {unknown}
 m - a potion of magic {unknown}
 n - a potion of heal wounds {unknown}
Comestibles
 f - 6 rations
 k - 3 chunks of flesh


   Skills:
 - Level 2.6 Fighting
 - Level 1.7 Long Blades
 - Level 2.4 Armour
   Level 2.6 Shields
 + Level 3.3 Spellcasting


You had 8 spell levels left.
You didn't know any spells.
Your spell library was empty.

Dungeon Overview and Level Annotations

Branches:
Dungeon (2/15)

Altars:
Trog


Innate Abilities, Weirdness & Mutations

You have extremely sharp teeth.
When hurt, damage is shared between your health and your magic reserves.
Your bite disrupts and absorbs the magic of your enemies.
Potions cannot restore your health.
You are immune to rotting.


Message History

The gnoll burns you. The gnoll hits you.
You are too injured to fight recklessly!
You are too injured to fight recklessly!
You are too injured to fight recklessly!
You are too injured to fight recklessly!
You are too injured to fight recklessly!
You hit the gnoll. Your bite misses the gnoll.
The gnoll is lightly wounded.
The gnoll closely misses you. x2
You slash the gnoll!
The gnoll is almost dead.
The gnoll hits you with a +1 spear of flaming.
* * * LOW HITPOINT WARNING * * *
The gnoll burns you.
* * * LOW HITPOINT WARNING * * *
The gnoll hits you but does no damage.
The gnoll hits you with a +1 spear of flaming.
* * * LOW HITPOINT WARNING * * *
The gnoll burns you.
You die...

# #..# ##.##
#..## ##..#
##.# #.##
#..#### #
##.†..##w###
####.@gg..#
###g##....
... . .##..
## ... .. #


You could see a worm and 3 gnolls.

Vanquished Creatures
  A gnoll (D:2)
  An adder (D:2)
  An ooze (D:2)
  A dart slug (D:1)
  4 bats
  A giant cockroach (D:1)
  3 hobgoblins
  6 jackals (D:2)
  A ball python (D:1)
  3 frilled lizards
  2 goblins
  3 kobolds
  4 rats
31 creatures vanquished.

Notes
Turn   | Place    | Note
-------+----------+-------------------------------------------
     0 | D:1      | ICC the Vine Stalker Fighter began the quest for the Orb.
     0 | D:1      | Reached XP level 1. HP: 11/11 MP: 2/2
   123 | D:1      | Reached skill level 1 in Spellcasting
   263 | D:1      | Reached XP level 2. HP: 16/16 MP: 3/5
   878 | D:2      | Reached skill level 2 in Spellcasting
   939 | D:2      | Found a bloodstained altar of Trog.
  1031 | D:2      | Reached XP level 3. HP: 19/19 MP: 7/7
  1133 | D:2      | Reached skill level 3 in Spellcasting
  1148 | D:2      | Slain by a gnoll

Illustrated notes

Levels and vault maps discovered:
D:1:      dpeg_arrival_round_b, layout_basic
D:2:      layout_rooms, marbit_many_paths, chequers_ecumenical_altar_simple,
          uniq_natasha

Skill      XL: |  1  2  3 |
---------------+----------+-----
Spellcasting   | 1 2 3 |  3.3
Fighting       | |  2.6
Long Blades    | |  1.7
Armour         | |  2.4
Shields        | |  2.6

Action                   || total
-------------------------++-------
Melee: Long sword        ||    57
       Bite              ||    16
  Eat: Chunk             ||     1
Armor: Scale mail        ||    25
Dodge: Dodged            ||    31
       Rpst.: Long sword ||    13

Table legend:
 A = Non-vault XP
 B = Vault XP
 C = Vault XP percentage of total XP
 D = Non-vault monster count
 E = Vault monster count
 F = Vault count percentage of total count
                 A         B        C        D         E       F
            +---------+---------+-------+---------+---------+-------
      Total |      75 |       1 |   1.3 |      30 |       1 |   3.2
            +---------+---------+-------+---------+---------+-------
        D:1 |      18 |       0 |   0.0 |      12 |       0 |   0.0
        D:2 |      57 |       1 |   1.7 |      18 |       1 |   5.3
            +---------+---------+-------+---------+---------+-------
